GCL
ATLANTA (GCL) BRAVES @ BALTIMORE (GCL) ORIOLES
08/13/2098
 
TOP OF THE 1ST
Atlanta (GCL) Braves batting - Pitching for Baltimore (GCL) Orioles : LHP Franklin Avendano
Pitching: LHP Franklin Avendano
Batting: LHB Tony Nunez 0-0: Ground out 5-3 (Groundball, 56, EV 102.5 MPH)
Batting: RHB Luiz Innis 0-0: Called Strike
0-1: Ball
1-1: SINGLE (Line Drive, 78S, EV 94.4 MPH)
Batting: RHB Alejandro Rodriguez 0-0: Foul Ball, location: 9LSF
0-1: Swinging Strike
0-2: Strikes out swinging
Batting: RHB Chris Bjork 0-0: Ball
1-0: Fielders Choice at 2nd, 5-4 (Groundball, 5L, EV 111.3 MPH)
Top of the 1st over - 0 runs, 1 hit, 0 errors, 1 left on base; Atlanta (GCL) 0 - Baltimore (GCL) 0
BOTTOM OF THE 1ST
Baltimore (GCL) Orioles batting - Pitching for Atlanta (GCL) Braves : RHP Pascal Scholtens
Pitching: RHP Pascal Scholtens
Batting: RHB Enrique Castaneda 0-0: Called Strike
0-1: Called Strike
0-2: DOUBLE (Line Drive, 3D, EV 105.6 MPH)
Batting: RHB John Larsen 0-0: Ground out 3-1 (Groundball, 34S, EV 85.6 MPH)
Enrique Castaneda to third
Batting: RHB Francisco Ferrer 0-0: Called Strike
0-1: Swinging Strike
0-2: Foul Ball, location: 2F
0-2: Ball
1-2: Strikes out swinging
Batting: SHB Jason Massey 0-0: Fly out, F7 (Flyball, 7S, EV 81.9 MPH)
Bottom of the 1st over - 0 runs, 1 hit, 0 errors, 1 left on base; Atlanta (GCL) 0 - Baltimore (GCL) 0
TOP OF THE 2ND
Atlanta (GCL) Braves batting - Pitching for Baltimore (GCL) Orioles : LHP Franklin Avendano
Batting: LHB Agustin Arroyo 0-0: Ground out 6-3 (Groundball, 6, EV 91.9 MPH)
Batting: RHB Andy Vargas 0-0: Ball
1-0: SINGLE (Line Drive, 6D, EV 104.4 MPH)
Batting: SHB Vincent Santos 0-0: Called Strike
0-1: Called Strike
0-2: Ball
1-2: Ball
2-2: Foul Ball, location: 3F
2-2: Grounds into double play, 6-4-3 (Groundball, 6, EV 85.6 MPH)
Top of the 2nd over - 0 runs, 1 hit, 0 errors, 0 left on base; Atlanta (GCL) 0 - Baltimore (GCL) 0
BOTTOM OF THE 2ND
Baltimore (GCL) Orioles batting - Pitching for Atlanta (GCL) Braves : RHP Pascal Scholtens
Batting: SHB Xavier Rios 0-0: Called Strike
0-1: Swinging Strike
0-2: Strikes out swinging
Batting: RHB Edwin Santiago 0-0: Ball
1-0: Ground out U3 (Groundball, 34, EV 78.1 MPH)
Batting: RHB Bobby Cruz 0-0: Ball
1-0: Foul Ball, location: 5SF
1-1: Ball
2-1: Ball
3-1: Base on Balls
Batting: LHB Octavio Salgado 0-0: Fly out, F9 (Flyball, 9LS, EV 85.6 MPH)
Bottom of the 2nd over - 0 runs, 0 hits, 0 errors, 1 left on base; Atlanta (GCL) 0 - Baltimore (GCL) 0
TOP OF THE 3RD
Atlanta (GCL) Braves batting - Pitching for Baltimore (GCL) Orioles : LHP Franklin Avendano
Batting: RHB Josh Orrick 0-0: Ball
1-0: Ball
2-0: Ball
3-0: Called Strike
3-1: Foul Ball, location: 2F
3-2: Fly out, F8 (Flyball, 8LS, EV 94.4 MPH)
Batting: RHB Jim Unknown 0-0: Called Strike
0-1: Ground out 5-3 (Groundball, 56S, EV 68.1 MPH)
Batting: LHB Tony Nunez 0-0: Ball
1-0: Ground out U3 (Groundball, 3, EV 106.3 MPH)
Top of the 3rd over - 0 runs, 0 hits, 0 errors, 0 left on base; Atlanta (GCL) 0 - Baltimore (GCL) 0
BOTTOM OF THE 3RD
Baltimore (GCL) Orioles batting - Pitching for Atlanta (GCL) Braves : RHP Pascal Scholtens
Batting: RHB Lee O'Reilly 0-0: Ball
1-0: Ball
2-0: Ball
3-0: Foul Ball, location: 7LMF
3-1: Base on Balls
Batting: RHB Enrique Castaneda 0-0: Ball
1-0: Foul Ball, location: 2F
1-1: Swinging Strike
1-2: Ball
2-2: Foul Ball, location: 9LSF
2-2: SINGLE (Groundball, 5S, EV 68.8 MPH) (infield hit)
Lee O'Reilly to second
Batting: RHB John Larsen 0-0: Ball
1-0: Called Strike
1-1: Ball
2-1: Ball
3-1: Base on Balls
Lee O'Reilly to third
Enrique Castaneda to second
Batting: RHB Francisco Ferrer 0-0: Called Strike
0-1: SINGLE (Groundball, 34D, EV 105.0 MPH)
Lee O'Reilly scores
Enrique Castaneda to third
John Larsen to second
Batting: SHB Jason Massey 0-0: Ball
1-0: Ball
2-0: Ball
3-0: Swinging Strike
3-1: Foul Ball, location: 9LMF
3-2: Strikes out swinging
Batting: SHB Xavier Rios 0-0: Ball
1-0: Foul Ball, location: 2F
1-1: Called Strike
1-2: Strikes out swinging
Batting: RHB Edwin Santiago 0-0: Foul Ball, location: 2F
0-1: Ball
1-1: Foul Ball, location: 2F
1-2: Ball
2-2: Ball
3-2: Strikes out looking
Bottom of the 3rd over - 1 run, 2 hits, 0 errors, 3 left on base; Atlanta (GCL) 0 - Baltimore (GCL) 1
TOP OF THE 4TH
Atlanta (GCL) Braves batting - Pitching for Baltimore (GCL) Orioles : LHP Franklin Avendano
Batting: RHB Luiz Innis 0-0: Ball
1-0: Ball
2-0: Called Strike
2-1: Ball
3-1: Base on Balls
Batting: RHB Alejandro Rodriguez 0-0: Ball
1-0: Ball
2-0: Called Strike
2-1: Called Strike
2-2: Strikes out looking
Batting: RHB Chris Bjork 0-0: Ball
1-0: Ball
2-0: Called Strike
Luiz Innis is caught stealing 2nd base 2-4
2-1: Ground out 4-3 (Groundball, 4, EV 85.6 MPH)
Top of the 4th over - 0 runs, 0 hits, 0 errors, 0 left on base; Atlanta (GCL) 0 - Baltimore (GCL) 1
BOTTOM OF THE 4TH
Baltimore (GCL) Orioles batting - Pitching for Atlanta (GCL) Braves : RHP Pascal Scholtens
Batting: RHB Bobby Cruz 0-0: Called Strike
0-1: Foul Ball, location: 2F
0-2: Ball
1-2: Foul Ball, location: 9LMF
1-2: Ball
2-2: Strikes out swinging
Batting: LHB Octavio Salgado 0-0: Foul Ball, location: 7LSF
0-1: Foul Ball, location: 2F
0-2: Foul Ball, location: 2F
0-2: Ball
1-2: Strikes out swinging
Batting: RHB Lee O'Reilly 0-0: Ball
1-0: Swinging Strike
1-1: Foul Ball, location: 9LSF
1-2: Ball
2-2: Strikes out swinging
Bottom of the 4th over - 0 runs, 0 hits, 0 errors, 0 left on base; Atlanta (GCL) 0 - Baltimore (GCL) 1
TOP OF THE 5TH
Atlanta (GCL) Braves batting - Pitching for Baltimore (GCL) Orioles : LHP Franklin Avendano
Batting: LHB Agustin Arroyo 0-0: Swinging Strike
0-1: Ball
1-1: Fly out, F3 (Popup, 34, EV 66.9 MPH)
Batting: RHB Andy Vargas 0-0: Called Strike
0-1: Ball
1-1: Foul Ball, location: 23F
1-2: Strikes out swinging
Batting: SHB Vincent Santos 0-0: Ball
1-0: Called Strike
1-1: Called Strike
1-2: Ball
2-2: Ground out 5-3 (Groundball, 56S, EV 69.4 MPH)
Top of the 5th over - 0 runs, 0 hits, 0 errors, 0 left on base; Atlanta (GCL) 0 - Baltimore (GCL) 1
BOTTOM OF THE 5TH
Baltimore (GCL) Orioles batting - Pitching for Atlanta (GCL) Braves : RHP Pascal Scholtens
Batting: RHB Enrique Castaneda 0-0: Ball
1-0: Ball
2-0: Called Strike
2-1: Foul Ball, location: 2F
2-2: Foul Ball, location: 2F
2-2: SOLO HOME RUN (Flyball, 7D, EV 97.5 MPH), Distance : 380 ft
Pitching: RHP Elliot Kemp
Batting: RHB John Larsen 0-0: Foul Ball, location: 25F
0-1: Called Strike
0-2: Ground out 6-3 (Groundball, 6, EV 83.8 MPH)
Batting: RHB Francisco Ferrer 0-0: Ball
1-0: Ball
2-0: Ground out 5-3 (Groundball, 5L, EV 97.5 MPH)
Batting: SHB Jason Massey 0-0: Called Strike
0-1: Foul Ball, location: 7LSF
0-2: Strikes out swinging
Bottom of the 5th over - 1 run, 1 hit, 0 errors, 0 left on base; Atlanta (GCL) 0 - Baltimore (GCL) 2
TOP OF THE 6TH
Atlanta (GCL) Braves batting - Pitching for Baltimore (GCL) Orioles : LHP Franklin Avendano
Batting: RHB Josh Orrick 0-0: Ball
1-0: Fly out, F1 (Line Drive, P, EV 72.5 MPH)
Batting: RHB Jim Unknown 0-0: Ball
1-0: Ball
2-0: Foul Ball, location: 3F
2-1: Foul Ball, location: 9LDF
2-2: Strikes out swinging
Batting: LHB Tony Nunez 0-0: Ball
1-0: Called Strike
1-1: Ground out 5-3 (Groundball, 5S, EV 65.6 MPH)
Top of the 6th over - 0 runs, 0 hits, 0 errors, 0 left on base; Atlanta (GCL) 0 - Baltimore (GCL) 2
BOTTOM OF THE 6TH
Baltimore (GCL) Orioles batting - Pitching for Atlanta (GCL) Braves : RHP Elliot Kemp
Batting: SHB Xavier Rios 0-0: Ball
1-0: Foul Ball, location: 2F
1-1: Foul Ball, location: 9LMF
1-2: Hit by Pitch
Batting: RHB Edwin Santiago 0-0: Ball
1-0: Ball
2-0: SINGLE (Line Drive, 9LS, EV 103.1 MPH)
Xavier Rios to second
Batting: RHB Bobby Cruz 0-0: Ball
1-0: Fly out, F9 (Flyball, 9D, EV 86.3 MPH)
Runner from 2nd tags up, SAFE at 3rd with throw by RF
Batting: LHB Octavio Salgado 0-0: Ball
1-0: Grounds into double play, 6-4-3 (Groundball, 6, EV 101.3 MPH)
Bottom of the 6th over - 0 runs, 1 hit, 0 errors, 1 left on base; Atlanta (GCL) 0 - Baltimore (GCL) 2
TOP OF THE 7TH
Atlanta (GCL) Braves batting - Pitching for Baltimore (GCL) Orioles : LHP Franklin Avendano
Batting: RHB Luiz Innis 0-0: Called Strike
0-1: Foul Ball, location: 2F
0-2: Strikes out swinging
Batting: RHB Alejandro Rodriguez 0-0: Ball
1-0: Called Strike
1-1: Ball
2-1: Called Strike
2-2: Strikes out swinging
Batting: RHB Chris Bjork 0-0: Ball
1-0: Called Strike
1-1: Called Strike
1-2: Ball
2-2: Foul Ball, location: 3FF
2-2: Ball
3-2: Ground out 4-3 (Groundball, 4, EV 104.4 MPH)
Top of the 7th over - 0 runs, 0 hits, 0 errors, 0 left on base; Atlanta (GCL) 0 - Baltimore (GCL) 2
BOTTOM OF THE 7TH
Baltimore (GCL) Orioles batting - Pitching for Atlanta (GCL) Braves : RHP Elliot Kemp
Pitching: LHP Ernesto Solorio
Batting: RHB Lee O'Reilly 0-0: Ball
1-0: Ball
2-0: Foul Ball, location: 5SF
2-1: Foul Ball, location: 2F
2-2: SINGLE (Groundball, 15S, EV 68.1 MPH) (infield hit)
Batting: RHB Enrique Castaneda 0-0: Ball
1-0: Ball
2-0: Ball
3-0: Called Strike
3-1: Bunted foul
3-2: Foul Ball, location: 2F
3-2: Foul Ball, location: 3F
3-2: TRIPLE (Flyball, 89XD, EV 94.4 MPH)
Lee O'Reilly scores
Batting: RHB John Larsen 0-0: SINGLE (Groundball, 4MD, EV 99.4 MPH)
Enrique Castaneda scores
Batting: RHB Francisco Ferrer 0-0: Ball
1-0: Called Strike
1-1: Foul Ball, location: 3DF
1-2: Ball
2-2: Ball
3-2: Grounds into double play, 1-4-3 (Groundball, 25, EV 65.0 MPH)
Batting: SHB Jason Massey 0-0: Ball
1-0: Ball
2-0: Called Strike
2-1: Foul Ball, location: 2F
2-2: Strikes out swinging
Bottom of the 7th over - 2 runs, 3 hits, 0 errors, 0 left on base; Atlanta (GCL) 0 - Baltimore (GCL) 4
TOP OF THE 8TH
Atlanta (GCL) Braves batting - Pitching for Baltimore (GCL) Orioles : LHP Franklin Avendano
Pitching: RHP Mauricio Silva
Batting: LHB Agustin Arroyo 0-0: Called Strike
0-1: Fly out, F8 (Flyball, 8RD, EV 100.0 MPH)
Pinch Hitting: SHB Dennis Vaupel 0-0: Called Strike
0-1: Foul Ball, location: 3FF
0-2: Foul Ball, location: 3F
0-2: Strikes out looking
Batting: SHB Vincent Santos 0-0: Ball
1-0: Foul Ball, location: 2F
1-1: Called Strike
1-2: Ball
2-2: Strikes out looking
Top of the 8th over - 0 runs, 0 hits, 0 errors, 0 left on base; Atlanta (GCL) 0 - Baltimore (GCL) 4
BOTTOM OF THE 8TH
Baltimore (GCL) Orioles batting - Pitching for Atlanta (GCL) Braves : LHP Ernesto Solorio
Pitching: LHP Alex Tapia
Now in LF: Tomas Melgar
Batting: SHB Xavier Rios 0-0: Swinging Strike
0-1: Swinging Strike
0-2: Fly out, F8 (Line Drive, 8LM, EV 95.6 MPH)
Batting: RHB Edwin Santiago 0-0: Called Strike
0-1: Ball
1-1: SINGLE (Groundball, 56S, EV 68.8 MPH) (infield hit)
Batting: RHB Bobby Cruz 0-0: Called Strike
0-1: Ball
Wild Pitch!
Edwin Santiago to second
1-1: Swinging Strike
1-2: Foul Ball, location: 5DF
1-2: Foul Ball, location: 2F
1-2: Ball
2-2: Foul Ball, location: 2F
2-2: SINGLE (Groundball, 6MD, EV 93.8 MPH)
Edwin Santiago to third
Batting: LHB Octavio Salgado 0-0: Ball
1-0: Called Strike
1-1: Swinging Strike
1-2: Strikes out swinging
Pitching: RHP Antonio Flores
Batting: RHB Lee O'Reilly 0-0: Called Strike
0-1: Ball
1-1: Foul Ball, location: 2F
1-2: SINGLE (Line Drive, 8LS, EV 86.3 MPH)
Edwin Santiago scores
Bobby Cruz to second
Batting: RHB Enrique Castaneda 0-0: Called Strike
0-1: Ball
1-1: Foul Ball, location: 9LSF
1-2: Ball
2-2: Strikes out swinging
Bottom of the 8th over - 1 run, 3 hits, 0 errors, 2 left on base; Atlanta (GCL) 0 - Baltimore (GCL) 5
TOP OF THE 9TH
Atlanta (GCL) Braves batting - Pitching for Baltimore (GCL) Orioles : RHP Mauricio Silva
Pinch Hitting: RHB Ronnie Lambert 0-0: Ball
1-0: Called Strike
1-1: Fly out, F8 (Flyball, 78XD, EV 92.5 MPH)
Pinch Hitting: RHB Victor Tamez 0-0: Fly out, F4 (Popup, 4S, EV 81.3 MPH)
Pinch Hitting: LHB Serguei Eliasberg 0-0: Ball
1-0: Ball
2-0: Fly out, F6 (Flyball, 6D, EV 88.1 MPH)
Top of the 9th over - 0 runs, 0 hits, 0 errors, 0 left on base; Atlanta (GCL) 0 - Baltimore (GCL) 5
Friday, April 12th , 2024 - OOTP Baseball 24.11 Build 85